 Dungeon Crawl Stone Soup version 0.25.1-2-g60ff931df9 (webtiles) character file.

Game seed: 16076747518507556584

63 Johnny the Digger (level 3, -3/26 HPs)
             Began as a Demigod Earth Elementalist on Oct 4, 2020.
             Killed by divine providence
             ... invoked by an orc priest
              (12 damage)
             ... on level 3 of the Dungeon.
             The game lasted 00:01:23 (1745 turns).

Johnny the Digger (Demigod Earth Elementalist)      Turns: 1745, Time: 00:01:24

Health: -3/26      AC:  2    Str: 11    XL:     3   Next: 63%
Magic:  3/9        EV: 12    Int: 21    God:
Gold:   90         SH:  0    Dex: 16    Spells: 5/6 levels left

rFire    . . .     SeeInvis .   h - +0 mace
rCold    . . .     Gourm    .   (no shield)
rNeg     . . .     Faith    .   c - +0 robe
rPois    .         Spirit   .   (no helmet)
rElec    .         Reflect  .   (no cloak)
rCorr    .         Harm     .   (no gloves)
MR       .....                  (no boots)
Stlth    ++........             (no amulet)
HPRegen  0.08/turn              (no ring)
MPRegen  0.11/turn              (no ring)

@: no status effects
A: high mp 1
a: no special abilities


You were on level 3 of the Dungeon.
You were not hungry.

You visited 1 branch of the dungeon, and saw 3 of its levels.

You collected 90 gold pieces.

Inventory:

Hand Weapons
 h - a +0 mace (weapon)
Missiles
 b - 34 stones (quivered)
Armour
 c - a +0 robe (worn)
Jewellery
 g - an uncursed ring of fire
Scrolls
 e - 3 scrolls of identify {unknown}
 i - a scroll of fear {unknown}
 k - a scroll of immolation {unknown}
 m - a scroll of remove curse {unknown}
 p - a scroll of enchant weapon {unknown}
Potions
 f - a potion of haste {unknown}
 j - a potion of resistance {unknown}
 l - a potion of ambrosia {unknown}
 n - a potion of magic {unknown}
 o - a potion of heal wounds {unknown}
Comestibles
 a - a chunk of flesh
 d - 3 rations


   Skills:
 - Level 1.7 Dodging
 - Level 1.7 Stealth
 + Level 2.4 Spellcasting
   Level 0.8 Transmutations
 * Level 3.9 Earth Magic


You had 5 spell levels left.
You knew the following spells:

 Your Spells              Type           Power        Failure   Level  Hunger
a - Sandblast             Erth           ###...       2%          1    None

Your spell library contained the following spells:

 Spells                   Type           Power        Failure   Level  Hunger
 Passwall                 Tmut/Erth      ##......     8%          2    ##.....
 Stone Arrow              Conj/Erth      ##....       19%         3    ###....
 Petrify                  Tmut/Erth      ##......     45%         4    ####...
 Lee's Rapid Deconstruct  Erth           ###.......   58%         5    ######.


Dungeon Overview and Level Annotations

Branches:
Dungeon (3/15)


Innate Abilities, Weirdness & Mutations

You have an increased reservoir of magic. (+10% MP)


Message History

The blast of sand misses the orc.
The blast of sand hits the orc priest!
The orc priest is almost dead.
b - 35 stones The orc priest mumbles some strange prayers to Beogh against you.
Beogh smites you!
Ouch! That really hurt!
The orc hits you with a +0 club.
Casting: Sandblast (safe; 2% risk of failure)
Confirm with . or Enter, or press ? or * to list all spells.
Aiming: Sandblast (safe; 2% risk of failure)
Press: ? - help, Shift-Dir - straight line, f/p - orc
Aim: an orc, wielding a +0 club The blast of sand hits the orc!
You kill the orc!
b - 34 stones The orc priest casts a cantrip, but nothing happens.
Unknown command.
The orc priest invokes the aid of Beogh against you.
Beogh smites you!
You die...

#.#####
.......
.......
.......
.......
.......
.......##
....ooo@#
..#####.#
#.# #.#
#.# #.#
#.# #..


You could see 2 orc priests and an orc.

Vanquished Creatures
  An orc priest (D:3)
  A worm (D:2)
  A dart slug (D:2)
  A leopard gecko (D:1)
  An orc (D:3)
  3 bats
  5 hobgoblins
  2 jackals (D:2)
  A frilled lizard (D:1)
  4 goblins (D:1)
  3 kobolds
  4 rats
27 creatures vanquished.

Notes
Turn   | Place    | Note
-------+----------+-------------------------------------------
     0 | D:1      | Johnny the Demigod Earth Elementalist began the quest for
                  | the Orb.
     0 | D:1      | Reached XP level 1. HP: 14/14 MP: 5/5
   186 | D:1      | Reached skill level 3 in Earth Magic
   476 | D:1      | Reached XP level 2. HP: 20/20 MP: 7/7
   527 | D:1      | You fall into a shaft and drop 1 floor!
   551 | D:2      | Found a stormy altar of Qazlal.
   558 | D:2      | Noticed a fire elemental
   559 | D:2      | Noticed an air elemental
   559 | D:2      | Noticed a water elemental
   559 | D:2      | Noticed an earth elemental
   731 | D:2      | Found a shadowy altar of Dithmenos.
  1742 | D:3      | Reached XP level 3. HP: 26/26 MP: 5/9
  1745 | D:3      | Killed from afar by an orc priest

Illustrated notes

Levels and vault maps discovered:
D:1:      erik_arrival_blinker_ship, layout_basic
D:2:      layout_loops_ring, nicolae_dithmenos_shadow_blocks,
          nicolae_qazlal_style_of_elements
D:3:      minmay_wonky_spiral, layout_basic, nicolae_ru_awakened_eye,
          first_ration, kennysheep_nub, nicolae_gozag_zags_fifth_avenue

Skill      XL: |  1 |
---------------+----+-----
Earth Magic    | 3 |  3.9
Spellcasting   | 2 |  2.4
Dodging        | |  1.7
Stealth        | |  1.7
Transmutations | |  0.8

Action                   || total
-------------------------++-------
Melee: Unarmed           ||     6
       Mace              ||    31
 Cast: Sandblast         ||    31
 Stab: Sleeping          ||     1
  Eat: Chunk             ||     3
Armor: Robe              ||    15
Dodge: Dodged            ||    32
